AoeStats
← Bert > Ernie

Arena

508947772Analyzed
1v1 RM · 8d ago on Sep 24, 2026· 39m 31s· 2 players
Game mode
Random Map
Map size
Tiny (2 player)
Population
200
Speed
Normal
Resources
Standard
Victory
Conquest
Starting age
Dark Age
Ending age
Imperial Age
RankedLock teamsTeams togetherTeam positionsShared explorationLock speedFull tech treeHidden civsTurbo modeCheats
Victory
Defeat
🇿🇦 Saxons · South Africa
986
+17
🇨🇦 Varangians · Canada
1016
-17
Nephilim
10:35 Feudal Age
14:47 Castle Age
13:36 Double-Bit Axe
25:21 Horse Collar
25:38 Gold Mining
27:22 Gold Shaft Mining
26:47 Loom
30:11 Imperial Age
28:33 Wheelbarrow
27:37 Pikeman
28:18 Squires
29:35 Forging
29:26 Scale Mail Armor
30:37 Bow Saw
30:23 Treadmill Crane
30:14 Halberdier
31:21 Conscription
30:24 Shield Wall
31:47 Bow Saw
31:10 Man-at-Arms
31:37 Gambesons
32:56 Iron Casting
32:37 Chain Mail Armor
32:44 Town Watch
32:47 Long Swordsman
33:41 Two-Handed Swordsman
34:08 Arson
35:09 Plate Mail Armor
34:42 Champion
Bert > Ernie
10:51 Feudal Age
15:17 Castle Age
13:35 Double-Bit Axe
13:32 Horse Collar
18:04 Bow Saw
21:19 Loom
23:58 Wheelbarrow
26:24 Scale Barding Armor
26:34 Heavy Plow
31:00 Imperial Age
30:09 Forging
30:52 Gambesons
31:09 Scale Mail Armor
33:07 Two-Man Saw
32:31 Bloodlines
32:49 Squires
33:28 Hand Cart
33:41 Fletching
34:54 Town Watch
34:59 Light Cavalry
35:30 Arson
37:43 Bodkin Arrow
37:36 Man-at-Arms
38:37 Chain Mail Armor
38:58 Iron Casting
38:44 Chain Barding Armor
39:30 Masonry
39:27 Siege Engineers
39:01 Long Swordsman
Connection lost

Rejoining the realm…

Still unreachable

The connection could not be restored.

Session expired

The server has moved on; the page needs a fresh start.